 Dungeon Crawl Stone Soup version 0.31-a0-700-gf13585253f (webtiles) character file.

Game seed: 3859865071157940297

819 ytrimaz the Ruffian (level 7, -5/43 HPs)
             Began as an Octopode Shapeshifter on Sept 6, 2023.
             Slain by Duvessa
             ... wielding a +0 short sword
              (11 damage)
             ... on level 5 of the Dungeon on Sept 7, 2023.
             The game lasted 00:05:02 (4431 turns).

ytrimaz the Ruffian (Octopode Shapeshifter)         Turns: 4431, Time: 00:05:03

Health: -5/43      AC:  1    Str: 14    XL:     7   Next: 95%
Magic:  7/7        EV: 13    Int: 12    God:
Gold:   77         SH:  0    Dex: 13    Spells: 6/6 levels left

rFire   . .          .
                       - Unarmed
rCold   . . .        (no shield)
rNeg    . . .        (helmet currently unavailable)
rPois   .            (no amulet)
rElec   .            l - ring of see invisible
rCorr   .            (no ring)
SInv    +            (no ring)
Will    .....        (no ring)
Stlth   ++           (no ring)
HPRegen 0.27/turn    (no ring)
MPRegen 0.10/turn    (no ring)
                     (no ring)

%: no passive effects
@: lit by a corona, beast-form, glowing
A: beast (slay +3), almost no armour, amphibious, 8 rings, camouflage 1,
gelatinous body 1, (nimble swimmer 1), tentacles
a: Begin Untransformation


You were on level 5 of the Dungeon.
You were a hulking beast.
You visited 1 branch of the dungeon, and saw 5 of its levels.
You also visited: Sewer.

You collected 233 gold pieces.
You spent 156 gold pieces at shops.


Innate Abilities, Weirdness & Mutations

You are a hulking beast.
Your limbs bulge with bestial killing power. (Slay +3)
You cannot wear most types of armour.
You are amphibious.
You can wear up to eight rings at the same time.
Your skin changes colour to match your surroundings (Stealth+).
Your rubbery body absorbs attacks. (AC +1, EV +1)
((You are camouflaged when in or above water. (Stealth+)))
You have tentacles for arms and can constrict up to eight enemies at once.


   Skills:
 - Level 1.0 Fighting
 - Level 2.0 Dodging
 + Level 5.3 Stealth
 + Level 6.2 Unarmed Combat
 + Level 5.8 Shapeshifting


You had 6 spell levels left.
You didn't know any spells.
Your spell library was empty.

Inventory:

Jewellery
 l - a ring of see invisible (left tentacle)
   (You found it on level 3 of the Dungeon)
Talismans
 b - a beast talisman (active)
 c - a flux talisman
Wands
 o - a wand of mindburst (19) (quivered)
   (You found it on level 4 of the Dungeon)
 r - a wand of charming (5)
   (You found it on level 4 of the Dungeon)
Scrolls
 a - a scroll of fog {unknown}
 g - 2 scrolls of teleportation {unknown}
 h - 3 scrolls of identify {unknown}
 i - 4 scrolls of enchant armour {unknown}
 j - a scroll of enchant weapon {unknown}
 k - a scroll of amnesia {unknown}
 m - a scroll of revelation {unknown}
 q - a scroll of noise {unknown}
 t - a scroll of blinking {unknown}
 u - a scroll of summoning {unknown}
Potions
 d - 4 potions of heal wounds
 e - 6 potions of curing
 f - 2 potions of cancellation {unknown}
 p - a potion of attraction {unknown}
 s - a potion of might {unknown}
 v - a potion of invisibility {unknown}
 w - a potion of magic {unknown}

Dungeon Overview and Level Annotations

Branches:
Dungeon (5/15) Zot: 25910   Sewer (visited)
 Temple: D:4-7

Altars:

Shops:
D:3 !

Annotations:
D:5 Dowan, Duvessa

########### ##########
#.........# #.........
#.........#####.........
......eh..'.............
#......e..##############
...######## #


You could see Duvessa (fast) and Dowan.


Message History

😎 HP[+13]
Your hp is fully restored (43).
Found an escape hatch in the floor.
There is an escape hatch in the floor here.
Found a stone staircase leading down.
e - 6 potions of curing (gained 2)
There is a stone staircase leading down here.
A sleepcap comes into view.
Grinder comes into view.
Unknown command.
You bludgeon the sleepcap! You grab the sleepcap.
You constrict the sleepcap, but do no damage.
The sleepcap closely misses you.
You tentacle-slap the sleepcap.
You squeeze the sleepcap, but do no damage.
You constrict the sleepcap. The sleepcap misses you.
Unknown command.
You bludgeon the sleepcap! You squeeze the sleepcap.
You destroy the sleepcap!
No target in view!
Unknown command.
Key pressed, stopping explore.
There is a stone staircase leading down here.
Grinder is nearby!
Grinder is nearby!
Grinder shouts!
Grinder closely misses you.
You closely miss Grinder. You grab Grinder. You constrict Grinder.
Grinder hits you!
You writhe in agony. 😕 HP[-8]
You take 8 damage, and now have 35/43 hp.
You tentacle-slap Grinder. You constrict Grinder.
Grinder says, "Mostly I couldn't keep them alive."
Grinder hits you.
You writhe in agony. 😮 HP[-5]
You take 5 damage, and now have 30/43 hp.
You barely miss Grinder. You constrict Grinder. Grinder hits you.
You writhe in agony. 😮 HP[-6]
You take 6 damage, and now have 24/43 hp.
Unknown command.
You are too injured to fight recklessly!
You bludgeon Grinder! You constrict Grinder. Grinder barely misses you.
You are too injured to fight recklessly!
You tentacle-slap Grinder. You squeeze Grinder. You constrict Grinder.
Grinder closely misses you.
Unknown command.
You tentacle-slap Grinder. You constrict Grinder.
You kill Grinder!
Your Stealth skill increases to level 5!
Your Unarmed Combat skill increases to level 6!
Unknown command. 😮 HP[+1]
You open the door.
Dowan, Brother of Duvessa comes into view.
He is wielding a +0 dagger. 😎 HP[+18]
Your hp is fully restored (43).
Unknown command.
Dowan shouts!
You hear a shout!
Duvessa, Sister of Dowan comes into view.
She is wielding a +0 short sword.
There is an open door here.
Dowan hits you with a +0 dagger! 😕 HP[-7]
You take 7 damage, and now have 36/43 hp.
Unknown command.
Dowan hits you with a +0 dagger! 😮 HP[-8]
You take 8 damage, and now have 28/43 hp.
Unknown command.
You closely miss Duvessa. You grab Duvessa. You constrict Duvessa.
Dowan hits you with a +0 dagger. Duvessa barely misses you. 😮 HP[-2]
You take 2 damage, and now have 26/43 hp.
You tentacle-slap Duvessa. You squeeze Duvessa.
You constrict Duvessa, but do no damage.
Dowan hits you with a +0 dagger.
* * * LOW HITPOINT WARNING * * *
Duvessa closely misses you.
Unknown command. 😨 HP[-5]
You take 5 damage, and now have 21/43 hp.
You tentacle-slap Duvessa. You squeeze Duvessa.
You constrict Duvessa, but do no damage.
Dowan says, "My weaknesses are her strengths!"
Dowan points at Duvessa and mumbles some strange words.
Duvessa seems to speed up.
Duvessa completely misses you. 😮 HP[+1]
You bludgeon Duvessa!
You constrict Duvessa, but do no damage.
Duvessa hits you with a +0 short sword!
* * * LOW HITPOINT WARNING * * *
Dowan closely misses you. Duvessa hits you with a +0 short sword.
* * * LOW HITPOINT WARNING * * *
😱 HP[-16]
You take 16 damage, and now have 6/43 hp.
MASSIVE DAMAGE!! (PAUSE)
You tentacle-slap Duvessa. You constrict Duvessa.
Dowan points at you and mumbles some strange words.
You are outlined in light.
Duvessa hits you with a +0 short sword!
You die...

Skill      XL: |  1  2  3  4  5  6  7 |
---------------+----------------------+-----
Unarmed Combat | 4 5 6 |  6.2
Shapeshifting  | 4 5 |  5.8
Stealth        | 2 3 5 |  5.3
Fighting       | |  1.0
Dodging        | |  2.0

Action                     |  1- 3 |  4- 6 |  7- 9 || total
---------------------------+-------+-------+-------++-------
  Melee: Unarmed           |    53 |   106 |    22 ||   181
         Constrict         |    15 |    12 |     4 ||    31
         Tentacles         |     8 |    16 |     8 ||    32
         Punch             |     2 |     3 |       ||     5
  Evoke: Wand              |       |     2 |       ||     2
    Use: Potion            |       |     1 |     1 ||     2
   Stab: Sleeping          |    10 |     6 |       ||    16
 Armour: Skin              |    30 |    85 |    16 ||   131
  Dodge: Dodged            |    23 |    55 |    13 ||    91

Levels and vault maps discovered:
D:1:      minmay_arrival_four_circles, layout_basic
D:2:      layout_basic, hangedman_decor_peaks_small, minmay_pentomino_r4,
          uniq_natasha
D:3:      layout_basic, ebering_ecumenical_altar_hall, serial_shops,
          nicolae_shop_crystal, serial_park_tiny_2
D:4:      layout_basic, gup_sewer_entry_glass, uniq_robin
D:5:      layout_basic, chequers_temple_overflow_minitemple,
          minmay_temple_entry_mini_moons, gammafunk_ghost_stat_death,
          serial_shops, nicolae_square_shop, minmay_misc_feat_diagonals,
          uniq_duvessa, uniq_grinder

Notes
Turn   | Place    | Note
-------+----------+-------------------------------------------
     0 | D:1      | ytrimaz the Octopode Shapeshifter began the quest for the
                  | Orb.
     0 | D:1      | Reached XP level 1. HP: 13/13 MP: 1/1
     0 | D:1      | magus.rc [v1.9.6]
   285 | D:1      | HP: 3/13 [jackal (1)]
   290 | D:1      | Reached XP level 2. HP: 4/18 MP: 2/2
   293 | D:1      | HP: 2/18 [goblin/+0 dagger (3)]
  1031 | D:2      | Reached XP level 3. HP: 23/23 MP: 3/3
  1510 | D:2      | Noticed Natasha
  1516 | D:2      | HP: 5/23 [Natasha (9)]
  1517 | D:2      | HP: 1/23 [Natasha (4)]
  1519 | D:2      | Killed Natasha
  1520 | D:2      | Reached skill level 4 in Unarmed Combat
  1520 | D:2      | Reached XP level 4. HP: 2/28 MP: 4/4
  1681 | D:2      | Noticed Natasha
  1688 | D:2      | Killed Natasha
  1689 | D:2      | Reached skill level 4 in Shapeshifting
  1906 | D:2      | Noticed Natasha
  1912 | D:2      | Killed Natasha
  1955 | D:2      | Upgraded the game from 0.31-a0-691-g409c26aa35 to
                  | 0.31-a0-700-gf13585253f
  1955 | D:2      | magus.rc [v1.9.6]
  2078 | D:3      | Reached XP level 5. HP: 17/33 MP: 5/5
  2251 | D:3      | Found a faded altar of an unknown god.
  2321 | D:3      | Found Doravuizxo's Distillery.
  2336 | D:3      | Bought a potion of berserk rage for 60 gold pieces
  2336 | D:3      | Bought a potion of heal wounds for 60 gold pieces
  2336 | D:3      | Bought a potion of curing for 36 gold pieces
  2954 | D:4      | Found a glowing drain.
  2996 | Sewer    | Entered a sewer
  3141 | Sewer    | Noticed Pargi
  3156 | Sewer    | Reached skill level 1 in Stealth
  3173 | Sewer    | Killed Pargi
  3174 | Sewer    | Reached skill level 2 in Stealth
  3174 | Sewer    | Reached skill level 5 in Unarmed Combat
  3174 | Sewer    | Reached XP level 6. HP: 15/38 MP: 6/6
  3658 | D:4      | Reached skill level 3 in Stealth
  3658 | D:4      | Reached skill level 5 in Shapeshifting
  3737 | D:4      | Noticed Robin
  3773 | D:4      | Killed Robin
  3857 | D:4      | Reached XP level 7. HP: 24/43 MP: 7/7
  4082 | D:5      | Entered Level 5 of the Dungeon
  4088 | D:5      | Noticed a steam dragon
  4099 | D:5      | Killed a steam dragon
  4100 | D:5      | Reached skill level 4 in Stealth
  4285 | D:5      | Noticed Grinder
  4346 | D:5      | Killed Grinder
  4347 | D:5      | Reached skill level 5 in Stealth
  4347 | D:5      | Reached skill level 6 in Unarmed Combat
  4422 | D:5      | Noticed Dowan
  4423 | D:5      | Noticed Duvessa
  4430 | D:5      | HP: 6/43 [Duvessa/+0 short sword (5)]
  4431 | D:5      | Slain by Duvessa

Vanquished Creatures
  Grinder (D:5)
  A steam dragon (D:5)
  Pargi (Sewer)
  A phantom (D:4)
  A scorpion (D:4)
  A hound (D:4)
  A sleepcap (D:5)
  Natasha (thrice) (D:2)
  Robin (D:4)
  7 adders
  A dart slug (D:1)
  A worm (D:4)
  An orc (D:5)
  5 endoplasms
  3 giant cockroaches
  16 goblins
  9 hobgoblins
  3 jackals (D:1)
  9 ball pythons
  9 bats
  5 frilled lizards
  5 kobolds
  6 rats
91 creatures vanquished.

Table legend:
 A = Non-vault XP
 B = Vault XP
 C = Vault XP percentage of total XP
 D = Non-vault monster count
 E = Vault monster count
 F = Vault count percentage of total count
                 A         B        C        D         E       F
            +---------+---------+-------+---------+---------+-------
      Total |     646 |     524 |  44.8 |      61 |      30 |  33.0
            +---------+---------+-------+---------+---------+-------
        D:1 |      27 |       0 |   0.0 |      16 |       0 |   0.0
        D:2 |      92 |      38 |  29.2 |      17 |       3 |  15.0
        D:3 |      39 |       0 |   0.0 |      11 |       0 |   0.0
        D:4 |     265 |      69 |  20.7 |      14 |      16 |  53.3
        D:5 |     223 |     258 |  53.6 |       3 |       1 |  25.0
      Sewer |       0 |     159 | 100.0 |       0 |      10 | 100.0
            +---------+---------+-------+---------+---------+-------

Skill      XL: |  1  2  3  4  5  6  7 |
---------------+----------------------+-----
Unarmed Combat | 4 5 6 |  6.2
Shapeshifting  | 4 5 |  5.8
Stealth        | 2 3 5 |  5.3
Fighting       | |  1.0
Dodging        | |  2.0

Action                     |  1- 3 |  4- 6 |  7- 9 || total
---------------------------+-------+-------+-------++-------
  Melee: Unarmed           |    53 |   106 |    22 ||   181
         Constrict         |    15 |    12 |     4 ||    31
         Tentacles         |     8 |    16 |     8 ||    32
         Punch             |     2 |     3 |       ||     5
  Evoke: Wand              |       |     2 |       ||     2
    Use: Potion            |       |     1 |     1 ||     2
   Stab: Sleeping          |    10 |     6 |       ||    16
 Armour: Skin              |    30 |    85 |    16 ||   131
  Dodge: Dodged            |    23 |    55 |    13 ||    91

Illustrated notes

Table legend:
 A = Kills in this place as a percentage of kills in the entire game.
 B = Kills by you in this place as a percentage of kills by you in the entire game.
 C = Kills by friends in this place as a percentage of kills by friends in the entire game.
 D = Other kills in this place as a percentage of other kills in the entire game.
 E = Experience gained in this place as a percentage of experience gained in the entire game.
 F = Experience gained in this place divided by the number of levels of this place that you have seen.
                   A       B       C       D       E      F
               +-------+-------+-------+-------+-------+----------------------
         Total | 100.0 | 100.0 |   N/A |   N/A | 100.0 | 195.0
       Dungeon |  89.0 |  89.0 |   N/A |   N/A |  86.4 | 202.2
         Sewer |  11.0 |  11.0 |   N/A |   N/A |  13.6 | 159.0
               +-------+-------+-------+-------+-------+----------------------

Table legend: (Time is in decaauts)
 A = Elapsed time spent in this place.
 B = Non-inter-level travel time spent in this place.
 C = Inter-level travel time spent in this place.
 D = Time resting spent in this place.
 E = Time spent auto-exploring this place.
 F = Levels seen in this place.
 G = Mean time per level.
                   A        B        C        D        E       F      G
               +--------+--------+--------+--------+--------+-----+--------+
         Total |   4428 |   4346 |     82 |      1 |   3641 |   6 |  738.0 |
       Dungeon |   4088 |   4006 |     82 |      1 |   3398 |   5 |  817.6 |
         Sewer |    340 |    340 |      0 |      0 |    243 |   1 |  340.0 |
               +--------+--------+--------+--------+--------+-----+--------+

Top non-repeatable levels by time:
     D:2: 1089 daAuts
     D:4: 1026 daAuts
     D:1: 927 daAuts
     D:3: 689 daAuts
     D:5: 356 daAuts
   Sewer: 340 daAuts
